| TOP OF THE 1ST |
|
Portland Beavers batting - Pitching for Eugene Emeralds : RHP Armando Gutierrez
|
|
Pitching: RHP Armando Gutierrez
|
|
|
Batting: SHB Wally Backman
|
0-0: Ball 1-0: Ball 2-0: Called Strike 2-1: Ground out 6-3 (Groundball, 6, EV 90.0 MPH)
|
|
Batting: LHB Mike Gates
|
0-0: Ball 1-0: Fly out, F4 (Popup, 4, EV 66.9 MPH)
|
|
Batting: RHB Glenn Davis
|
0-0: Fly out, F9 (Line Drive, 9, EV 93.1 MPH)
|
| Top of the 1st over - 0 runs, 0 hits, 0 errors, 0 left on base; Portland 0 - Eugene 0 |
| BOTTOM OF THE 1ST |
|
Eugene Emeralds batting - Pitching for Portland Beavers : RHP Russell McDonald
|
|
Pitching: RHP Russell McDonald
|
|
|
Batting: LHB James Peters
|
0-0: Foul Ball, location: 2F 0-1: Ball 1-1: Ball 2-1: Ball 3-1: Foul Ball, location: 2F 3-2: Fly out, F8 (Flyball, 8LM, EV 90.0 MPH)
|
|
Batting: LHB Ty Gainey
|
0-0: Ball 1-0: Foul Ball, location: 2F 1-1: Ball 2-1: TRIPLE (Line Drive, 89XD, EV 109.4 MPH)
|
|
Batting: RHB Tim Wallach
|
0-0: Ball 1-0: Called Strike 1-1: Called Strike 1-2: Strikes out swinging
|
|
Batting: LHB Randy Bush
|
0-0: Swinging Strike 0-1: Ball 1-1: Called Strike 1-2: Foul Ball, location: 2F 1-2: Foul Ball, location: 2F 1-2: Fly out, F9 (Flyball, 9D, EV 104.4 MPH)
|
| Bottom of the 1st over - 0 runs, 1 hit, 0 errors, 1 left on base; Portland 0 - Eugene 0 |
| TOP OF THE 2ND |
|
Portland Beavers batting - Pitching for Eugene Emeralds : RHP Armando Gutierrez
|
|
Batting: LHB Harold Baines
|
0-0: Ball 1-0: Fly out, F7 (Flyball, 7LM, EV 94.4 MPH)
|
|
Batting: RHB Martinho Varandas
|
0-0: Ground out U3 (Groundball, 3S, EV 83.8 MPH)
|
|
Batting: RHB Skeeter Barnes
|
0-0: Foul Ball, location: 2F 0-1: Ball 1-1: Ball 2-1: Foul Ball, location: 2F 2-2: Strikes out looking
|
| Top of the 2nd over - 0 runs, 0 hits, 0 errors, 0 left on base; Portland 0 - Eugene 0 |
| BOTTOM OF THE 2ND |
|
Eugene Emeralds batting - Pitching for Portland Beavers : RHP Russell McDonald
|
|
Batting: LHB Andy Guerrero
|
0-0: Ball 1-0: Called Strike 1-1: Called Strike 1-2: Foul Ball, location: 2F 1-2: SINGLE (Line Drive, 7S, EV 105.0 MPH)
|
|
Batting: LHB Alfredo Edmead
|
0-0: Called Strike Andy Guerrero steals 2nd base 0-1: Ground out 6-3 (Groundball, 6M, EV 98.1 MPH) Andy Guerrero to third
|
|
Batting: RHB Derrell Baker
|
0-0: Foul Ball, location: 2F 0-1: TRIPLE (Flyball, 8LXD, EV 101.3 MPH) Andy Guerrero scores
|
|
Batting: LHB Clay Hill
|
0-0: Ground out 6-3 (Groundball, 6, EV 89.4 MPH) Derrell Baker scores
|
|
Batting: LHB Richard Rickman
|
0-0: Ball 1-0: Ball 2-0: Foul Ball, location: 2F 2-1: Ball 3-1: Ground out U3 (Groundball, 3S, EV 71.3 MPH)
|
| Bottom of the 2nd over - 2 runs, 2 hits, 0 errors, 0 left on base; Portland 0 - Eugene 2 |
| TOP OF THE 3RD |
|
Portland Beavers batting - Pitching for Eugene Emeralds : RHP Armando Gutierrez
|
|
Batting: RHB Pepe Mangual
|
0-0: Called Strike 0-1: Foul Ball, location: 2F 0-2: Ball 1-2: Strikes out swinging
|
|
Batting: RHB Kevin Buckley
|
0-0: Ball 1-0: Ball 2-0: Swinging Strike 2-1: Ball 3-1: Called Strike 3-2: Foul Ball, location: 2F 3-2: Strikes out swinging
|
|
Batting: LHB Pat Sheridan
|
0-0: Foul Ball, location: 2F 0-1: Foul Ball, location: 2F 0-2: Ball 1-2: Foul Ball, location: 2F 1-2: Ball 2-2: Ball 3-2: Base on Balls
|
|
Batting: SHB Wally Backman
|
0-0: Ball Pat Sheridan steals 2nd base 1-0: Ball 2-0: SINGLE (Line Drive, 56, EV 96.3 MPH) Pat Sheridan to third Runner from 3rd tries for Home, SAFE, throw by LF to home
|
|
Batting: LHB Mike Gates
|
0-0: Ball 1-0: Ball 2-0: Called Strike 2-1: SINGLE (Groundball, 34D, EV 102.5 MPH) Wally Backman to second Runner from 2nd tries for 3rd, SAFE, no throw by RF
|
|
Batting: RHB Glenn Davis
|
0-0: 3-RUN HOME RUN (Flyball, 7D, EV 102.5 MPH), Distance : 359 ft
|
|
Batting: LHB Harold Baines
|
0-0: Called Strike 0-1: Fly out, F9 (Flyball, 89D, EV 94.4 MPH)
|
| Top of the 3rd over - 4 runs, 3 hits, 0 errors, 0 left on base; Portland 4 - Eugene 2 |
| BOTTOM OF THE 3RD |
|
Eugene Emeralds batting - Pitching for Portland Beavers : RHP Russell McDonald
|
|
Batting: LHB James Peters
|
0-0: Called Strike 0-1: Ball 1-1: Called Strike 1-2: Foul Ball, location: 2F 1-2: Ball 2-2: Ball 3-2: Base on Balls
|
|
Batting: LHB Ty Gainey
|
Balk! James Peters to second 0-0: Ground out 5-3 (Groundball, 5, EV 81.3 MPH)
|
|
Batting: RHB Tim Wallach
|
0-0: Called Strike 0-1: Ball 1-1: Ball 2-1: Called Strike 2-2: Strikes out looking
|
|
Batting: LHB Randy Bush
|
0-0: Called Strike 0-1: Called Strike 0-2: Ground out 6-3 (Groundball, 6M, EV 106.9 MPH)
|
| Bottom of the 3rd over - 0 runs, 0 hits, 0 errors, 1 left on base; Portland 4 - Eugene 2 |
| TOP OF THE 4TH |
|
Portland Beavers batting - Pitching for Eugene Emeralds : RHP Armando Gutierrez
|
|
Batting: RHB Martinho Varandas
|
0-0: Ball 1-0: Ball 2-0: Foul Ball, location: 2F 2-1: Ball 3-1: Base on Balls
|
|
Batting: RHB Skeeter Barnes
|
0-0: Ball 1-0: Fly out, F7 (Flyball, 78M, EV 96.9 MPH)
|
|
Batting: RHB Pepe Mangual
|
0-0: Ball 1-0: Ball 2-0: Foul Ball, location: 2F 2-1: Ground out 4-3 (Groundball, 13, EV 85.0 MPH) Martinho Varandas to second
|
|
Batting: RHB Kevin Buckley
|
0-0: Swinging Strike 0-1: Ball 1-1: Ball 2-1: Called Strike 2-2: Foul Ball, location: 2F 2-2: Ball 3-2: Base on Balls
|
|
Batting: LHB Pat Sheridan
|
0-0: SINGLE (Flyball, 78S, EV 95.6 MPH) Martinho Varandas to third Kevin Buckley to second Runner from 3rd tries for Home, SAFE, throw by LF to home
|
|
Batting: SHB Wally Backman
|
0-0: Ball 1-0: Ball 2-0: Foul Ball, location: 2F 2-1: Fly out, F6 (Popup, 6MS, EV 82.5 MPH)
|
| Top of the 4th over - 1 run, 1 hit, 0 errors, 2 left on base; Portland 5 - Eugene 2 |
| BOTTOM OF THE 4TH |
|
Eugene Emeralds batting - Pitching for Portland Beavers : RHP Russell McDonald
|
|
Batting: LHB Andy Guerrero
|
0-0: Called Strike 0-1: Ground out 1-3 (Groundball, P, EV 63.1 MPH)
|
|
Batting: LHB Alfredo Edmead
|
0-0: Ball 1-0: Called Strike 1-1: Swinging Strike 1-2: Foul Ball, location: 2F 1-2: Ball 2-2: Strikes out swinging
|
|
Batting: RHB Derrell Baker
|
0-0: Reached on error, E5 (Groundball, 5, EV 107.5 MPH)
|
|
Batting: LHB Clay Hill
|
0-0: Ball 1-0: Foul Ball, location: 2F 1-1: Ground out 6-3 (Groundball, P, EV 83.1 MPH)
|
| Bottom of the 4th over - 0 runs, 0 hits, 1 error, 1 left on base; Portland 5 - Eugene 2 |
| TOP OF THE 5TH |
|
Portland Beavers batting - Pitching for Eugene Emeralds : RHP Armando Gutierrez
|
|
Batting: LHB Mike Gates
|
0-0: Ground out 4-3 (Groundball, 4, EV 103.1 MPH)
|
|
Batting: RHB Glenn Davis
|
0-0: Ball 1-0: Foul Ball, location: 2F 1-1: Ball 2-1: Ground out 6-3 (Groundball, 6, EV 83.1 MPH)
|
|
Batting: LHB Harold Baines
|
0-0: Called Strike 0-1: Ball 1-1: Ball 2-1: Foul Ball, location: 2F 2-2: Fly out, F7 (Flyball, 78S, EV 90.0 MPH)
|
| Top of the 5th over - 0 runs, 0 hits, 0 errors, 0 left on base; Portland 5 - Eugene 2 |
| BOTTOM OF THE 5TH |
|
Eugene Emeralds batting - Pitching for Portland Beavers : RHP Russell McDonald
|
|
Batting: LHB Richard Rickman
|
0-0: Foul Ball, location: 2F 0-1: Ball 1-1: Called Strike 1-2: Ground out 4-3 (Groundball, 4S, EV 83.8 MPH)
|
|
Batting: LHB James Peters
|
0-0: Ball 1-0: Called Strike 1-1: Swinging Strike 1-2: Fly out, F7 (Line Drive, 7, EV 93.8 MPH)
|
|
Batting: LHB Ty Gainey
|
0-0: Ball 1-0: Ball 2-0: Ball 3-0: Base on Balls
|
|
Batting: RHB Tim Wallach
|
0-0: Ball 1-0: Foul Ball, location: 2F 1-1: Ball 2-1: Fly out, F7 (Flyball, 78M, EV 86.3 MPH)
|
| Bottom of the 5th over - 0 runs, 0 hits, 0 errors, 1 left on base; Portland 5 - Eugene 2 |
| TOP OF THE 6TH |
|
Portland Beavers batting - Pitching for Eugene Emeralds : RHP Armando Gutierrez
|
|
Batting: RHB Martinho Varandas
|
0-0: Foul Ball, location: 2F 0-1: Called Strike 0-2: Ball 1-2: Foul Ball, location: 2F 1-2: Ball 2-2: Ground out 4-3 (Groundball, 4, EV 78.1 MPH)
|
|
Batting: RHB Skeeter Barnes
|
0-0: Foul Ball, location: 2F 0-1: Ball 1-1: Ball 2-1: Called Strike 2-2: Foul Ball, location: 2F 2-2: Foul Ball, location: 2F 2-2: Foul Ball, location: 2F 2-2: Foul Ball, location: 2F 2-2: Fly out, F8 (Flyball, 8LXD, EV 88.1 MPH)
|
|
Batting: RHB Pepe Mangual
|
0-0: Ball 1-0: Called Strike 1-1: Foul Ball, location: 2F 1-2: Ball 2-2: Foul Ball, location: 2F 2-2: Strikes out swinging
|
| Top of the 6th over - 0 runs, 0 hits, 0 errors, 0 left on base; Portland 5 - Eugene 2 |
| BOTTOM OF THE 6TH |
|
Eugene Emeralds batting - Pitching for Portland Beavers : RHP Russell McDonald
|
|
Batting: LHB Randy Bush
|
0-0: Ball 1-0: Called Strike 1-1: Fly out, F7 (Flyball, 7, EV 96.9 MPH)
|
|
Batting: LHB Andy Guerrero
|
0-0: Ball 1-0: Swinging Strike 1-1: Foul Ball, location: 2F 1-2: Ball 2-2: Ball 3-2: Base on Balls
|
|
Batting: LHB Alfredo Edmead
|
0-0: Called Strike Andy Guerrero is caught stealing 2nd base 2-6 0-1: Ball 1-1: Called Strike 1-2: Ground out U3 (Groundball, 34, EV 108.8 MPH)
|
| Bottom of the 6th over - 0 runs, 0 hits, 0 errors, 0 left on base; Portland 5 - Eugene 2 |
| TOP OF THE 7TH |
|
Portland Beavers batting - Pitching for Eugene Emeralds : RHP Armando Gutierrez
|
|
Batting: RHB Kevin Buckley
|
0-0: Ball 1-0: Foul Ball, location: 2F 1-1: Called Strike 1-2: Ball 2-2: Ball 3-2: Base on Balls
|
|
Batting: LHB Pat Sheridan
|
0-0: Sac Bunt to 25 - play at first, batter OUT! 5-3 Kevin Buckley to second
|
|
Batting: SHB Wally Backman
|
0-0: Called Strike 0-1: SINGLE (Groundball, 34D, EV 94.4 MPH) Kevin Buckley to third Runner from 3rd tries for Home, SAFE, throw by RF to home
|
|
Batting: LHB Mike Gates
|
Pickoff Throw to First - Error! E1 Wally Backman to second 0-0: Ground out 1-3 (Groundball, P, EV 73.1 MPH) Wally Backman to third
|
|
Batting: RHB Glenn Davis
|
0-0: Called Strike 0-1: Ball 1-1: Fly out, F9 (Line Drive, 9, EV 83.1 MPH)
|
| Top of the 7th over - 1 run, 1 hit, 1 error, 1 left on base; Portland 6 - Eugene 2 |
| BOTTOM OF THE 7TH |
|
Eugene Emeralds batting - Pitching for Portland Beavers : RHP Russell McDonald
|
|
Batting: RHB Derrell Baker
|
0-0: Ball 1-0: Ball 2-0: Called Strike 2-1: Foul Ball, location: 2F 2-2: Ball 3-2: Strikes out swinging
|
|
Batting: LHB Clay Hill
|
0-0: Called Strike 0-1: Foul Ball, location: 2F 0-2: Ball 1-2: Foul Ball, location: 2F 1-2: Strikes out swinging
|
|
Batting: LHB Richard Rickman
|
0-0: Called Strike 0-1: Swinging Strike 0-2: Ball 1-2: Ball 2-2: Fly out, F9 (Flyball, 9LS, EV 85.0 MPH)
|
| Bottom of the 7th over - 0 runs, 0 hits, 0 errors, 0 left on base; Portland 6 - Eugene 2 |
| TOP OF THE 8TH |
|
Portland Beavers batting - Pitching for Eugene Emeralds : RHP Armando Gutierrez
|
|
Batting: LHB Harold Baines
|
0-0: Ball 1-0: Foul Ball, location: 2F 1-1: Ball 2-1: Ball 3-1: Base on Balls
|
|
Batting: RHB Martinho Varandas
|
0-0: Ball 1-0: Ball 2-0: Fly out, F8 (Flyball, 8RD, EV 101.9 MPH)
|
|
Batting: RHB Skeeter Barnes
|
0-0: Fly out, F8 (Flyball, 78D, EV 91.3 MPH)
|
|
Batting: RHB Pepe Mangual
|
0-0: Ball 1-0: Ball 2-0: Foul Ball, location: 2F 2-1: Ball 3-1: Ground out 4-3 (Groundball, 34, EV 100.0 MPH)
|
| Top of the 8th over - 0 runs, 0 hits, 0 errors, 1 left on base; Portland 6 - Eugene 2 |
| BOTTOM OF THE 8TH |
|
Eugene Emeralds batting - Pitching for Portland Beavers : RHP Russell McDonald
|
|
Batting: LHB James Peters
|
0-0: Called Strike 0-1: Foul Ball, location: 2F 0-2: Ball 1-2: Foul Ball, location: 2F 1-2: Strikes out swinging
|
|
Batting: LHB Ty Gainey
|
0-0: SINGLE (Groundball, 4MS, EV 63.8 MPH) (infield hit)
|
|
Batting: RHB Tim Wallach
|
0-0: Fly out, F8 (Flyball, 8RXD, EV 101.9 MPH)
|
|
Batting: LHB Randy Bush
|
0-0: Swinging Strike 0-1: Ball 1-1: Ball 2-1: Ball 3-1: Base on Balls Ty Gainey to second
|
|
Pitching: RHP Clyde Reichard
|
|
|
Batting: LHB Andy Guerrero
|
0-0: Ball Wild Pitch! Ty Gainey to third Randy Bush to second 1-0: Ball Wild Pitch! Ty Gainey scores Randy Bush to third 2-0: Foul Ball, location: 2F 2-1: Foul Ball, location: 2F 2-2: Ball 3-2: Fly out, F7 (Flyball, 78M, EV 94.4 MPH)
|
| Bottom of the 8th over - 1 run, 1 hit, 0 errors, 1 left on base; Portland 6 - Eugene 3 |
| TOP OF THE 9TH |
|
Portland Beavers batting - Pitching for Eugene Emeralds : RHP Armando Gutierrez
|
|
Pitching: RHP George Frazier
|
|
|
Batting: RHB Kevin Buckley
|
0-0: Ball 1-0: Fly out, F6 (Flyball, 6D, EV 74.4 MPH)
|
|
Batting: LHB Pat Sheridan
|
0-0: SINGLE (Flyball, 8RS, EV 85.6 MPH)
|
|
Batting: SHB Wally Backman
|
0-0: Ball Pat Sheridan is caught stealing 2nd base 2-6 1-0: Ground out 4-3 (Groundball, 4, EV 106.3 MPH)
|
| Top of the 9th over - 0 runs, 1 hit, 0 errors, 0 left on base; Portland 6 - Eugene 3 |
| BOTTOM OF THE 9TH |
|
Eugene Emeralds batting - Pitching for Portland Beavers : RHP Clyde Reichard
|
|
Batting: LHB Alfredo Edmead
|
0-0: Foul Ball, location: 2F 0-1: Swinging Strike 0-2: Strikes out looking
|
|
Batting: RHB Derrell Baker
|
0-0: Ball 1-0: Swinging Strike 1-1: Called Strike 1-2: Strikes out swinging
|
|
Batting: LHB Clay Hill
|
0-0: Ball 1-0: Ball 2-0: Swinging Strike 2-1: Ball 3-1: Swinging Strike 3-2: Strikes out looking
|
| Bottom of the 9th over - 0 runs, 0 hits, 0 errors, 0 left on base; Portland 6 - Eugene 3 |
|